 Dungeon Crawl Stone Soup version 0.19.0-2-gae57169 (webtiles) character file.

613 LORDOFBUTT the Chopper (level 7, -3/60 HPs)
             Began as a Minotaur Berserker on Nov 7, 2016.
             Was a Priest of Trog.
             Slain by a centaur (7 damage)
             ... on level 5 of the Dungeon.
             The game lasted 00:05:23 (3828 turns).

LORDOFBUTT the Chopper (Minotaur Berserker)         Turns: 3828, Time: 00:05:23

Health: -3/60      AC:  9    Str: 24    XL:     7   Next: 20%
Magic:  6/6        EV: 12    Int:  4    God:    Trog [***...]
Gold:   153        SH:  0    Dex:  9    Spells: 0 memorised, 6 levels left

rFire  . . .     SeeInvis .     j - +0 war axe
rCold  . . .     Gourm    .     d - +0 scale mail
rNeg   . . .     Faith    .     (no shield)
rPois  .         Spirit   .     l - +2 hat
rElec  .         Reflect  .     (no cloak)
rCorr  .         Harm     .     (no gloves)
MR     .....                    (no boots)
Stlth  +.........               (no amulet)
                                (no ring)
                                k - ring of stealth

@: no status effects
A: retaliatory headbutt, horns 2
a: Berserk, Trog's Hand, Burn Spellbooks, Renounce Religion


You were on level 5 of the Dungeon.
You worshipped Trog.
Trog was most pleased with you.
You were not hungry.

You visited 1 branch of the dungeon, and saw 5 of its levels.

You collected 153 gold pieces.

Inventory:

Hand Weapons
 j - a +0 war axe (weapon)
Armour
 d - a +0 scale mail (worn)
 l - a +2 hat (worn)
Jewellery
 k - a ring of stealth (left hand)
Wands
 m - a wand of random effects (11/48)
 p - a wand of confusion (19/48)
Scrolls
 b - a scroll of amnesia {unknown}
 e - a scroll of remove curse
 f - 2 scrolls of identify
 g - 2 scrolls of magic mapping {unknown}
Potions
 a - a potion of cure mutation {unknown}
 h - a potion of flight
 i - 2 potions of curing {unknown}
 o - a potion of resistance {unknown}
 q - 2 potions of cancellation {unknown}
Comestibles
 c - 3 bread rations
 n - a royal jelly
 r - a slice of pizza
 s - a beef jerky


   Skills:
 - Level 4.6 Fighting
 + Level 6.4 Axes
 + Level 5.4 Armour
 + Level 5.0 Dodging


You had 6 spell levels left.
You didn't know any spells.

Dungeon Overview and Level Annotations

Branches:
Dungeon (5/15)             Temple (0/1) D:4

Altars:
Ashenzari
Gozag
Uskayaw

Shops:
D:4 (


Innate Abilities, Weirdness & Mutations

You reflexively headbutt those who attack you in melee.
You have a pair of horns on your head.


Message History

The centaur is moderately wounded.
The centaur completely misses you. x2
You completely miss the centaur.
The centaur is lightly wounded.
The centaur misses you.
You hit the centaur but do no damage.
The centaur is lightly wounded.
The centaur hits you.
* * * LOW HITPOINT WARNING * * *
The centaur hits you.
* * * LOW HITPOINT WARNING * * *
You barely miss the centaur.
The centaur is lightly wounded.
The centaur barely misses you. The centaur closely misses you.
You hit the centaur. Your headbutt misses the centaur.
The centaur is moderately wounded.
The centaur hits you.
* * * LOW HITPOINT WARNING * * *
The centaur hits you!
You die...

#+## ....# #....# .. .
#....#... ##
..###+#####....#'## .#
................... .#
......c............ .#
.......@.(.........
.#######...........(........
........>...########(.....#
.......... #...'..(...#
......... +...#......#
............ #...#......#
.#######....# #...#......#
.#.....#....+ #.<.#......#
.+.....#....##+##.##......#


You could see a centaur.

Vanquished Creatures
  An ogre (D:5)
  A centaur (D:4)
  A scorpion (D:5)
  A water moccasin skeleton (D:4)
  A bullfrog skeleton (D:4)
  A jelly (D:3)
  A centaur skeleton (D:5)
  Ijyb (D:2)
  An orc wizard (D:5)
  2 worker ants
  6 gnolls
  An adder (D:4)
  2 oozes (D:1)
  A worm (D:3)
  A dart slug (D:2)
  A leopard gecko (D:3)
  10 orcs
  2 giant cockroaches
  9 goblins
  4 hobgoblins
  14 jackals
  5 kobolds
  A quokka (D:2)
  3 ball pythons
  9 bats
  5 frilled lizards
  4 rats
89 creatures vanquished.

Notes
Turn   | Place    | Note
-------+----------+-------------------------------------------
     0 | D:1      | LORDOFBUTT the Minotaur Berserker began the quest for the Orb.
     0 | D:1      | Reached XP level 1. HP: 19/19 MP: 0/0
    57 | D:1      | Reached skill level 4 in Axes
    57 | D:1      | Reached XP level 2. HP: 20/27 MP: 1/1
   795 | D:2      | Reached XP level 3. HP: 31/34 MP: 2/2
   851 | D:2      | Noticed Ijyb
   858 | D:2      | Killed Ijyb
  1092 | D:2      | Reached ** piety under Trog
  1214 | D:2      | Reached XP level 4. HP: 41/41 MP: 3/3
  1762 | D:3      | Found an opulent altar of Gozag.
  1796 | D:3      | Reached skill level 5 in Axes
  1799 | D:3      | Reached XP level 5. HP: 10/47 MP: 4/4
  2267 | D:3      | Found a shattered altar of Ashenzari.
  2673 | D:3      | Reached *** piety under Trog
  2904 | D:4      | Found a staircase to the Ecumenical Temple.
  3124 | D:4      | Reached XP level 6. HP: 53/53 MP: 5/5
  3177 | D:4      | Found Tush's Weapon Shop.
  3362 | D:4      | Found a hide-covered altar of Uskayaw.
  3451 | D:5      | Entered Level 5 of the Dungeon
  3479 | D:5      | Reached skill level 6 in Axes
  3488 | D:5      | Reached skill level 5 in Armour
  3488 | D:5      | Reached XP level 7. HP: 52/60 MP: 6/6
  3794 | D:5      | Reached skill level 5 in Dodging
  3828 | D:5      | Slain by a centaur

Skill      XL: |  1  2  3  4  5  6  7 |
---------------+----------------------+-----
Fighting       | 4 |  4.6
Axes           | 4 5 6 |  6.4
Armour         | 3 4 5 |  5.4
Dodging        | 3 4 5 |  5.0

Action                   |  1- 3 |  4- 6 |  7- 9 || total
-------------------------+-------+-------+-------++-------
Melee: Hand axe          |    72 |    28 |       ||   100
       Headbutt          |    10 |    20 |     2 ||    32
       War axe           |       |    68 |    26 ||    94
Invok: Berserk           |     2 |     2 |       ||     4
       Burn Spellbooks   |       |     1 |       ||     1
  Use: Scroll            |       |     2 |       ||     2
  Eat: Chunk             |     1 |     9 |     1 ||    11
       Beef jerky        |       |     1 |       ||     1
Armor: Animal skin       |    17 |     2 |       ||    19
       Scale mail        |       |    40 |    10 ||    50
Dodge: Dodged            |    51 |    88 |    20 ||   159
